AoeStats
← thecakemaker

Arabia

504421082Analyzed
3v3 RM · 27d ago on Sep 5, 2026· 60m 16s· 6 players
Game mode
Random Map
Map size
Normal (6 player)
Population
200
Speed
Normal
Resources
Standard
Victory
Conquest
Starting age
Dark Age
Ending age
Imperial Age
RankedLock teamsTeams togetherTeam positionsShared explorationLock speedFull tech treeHidden civsTurbo modeCheats
Victory
Defeat
🇦🇺 Wei · Australia
1083
+12
🇦🇺 Teutons · Australia
1037
+14
🇦🇺 Huns · Australia
874
+19
🇬🇧 Mongols · United Kingdom
1025
-17
🇻🇳 Romans · Vietnam
963
-14
🇫🇷 Franks · France
950
-14
phihanoi
0:37 Loom
13:13 Feudal Age
13:48 Double-Bit Axe
13:47 Horse Collar
19:33 Wheelbarrow
25:20 Castle Age
26:32 Bow Saw
26:43 Pikeman
30:17 Hand Cart
31:07 Stone Mining
31:19 Heavy Plow
32:04 Gold Mining
37:13 Imperial Age
35:13 Fortified Wall
38:21 Ballistics
39:01 Chemistry
39:59 Ballistas
40:25 Heavy Scorpion
41:10 Padded Archer Armor
41:01 Fletching
41:21 Forging
42:35 Halberdier
54:36 Elite Centurion
58:55 Cavalier
iBenj
10:58 Feudal Age
11:29 Double-Bit Axe
17:51 Castle Age
19:10 Fletching
19:27 Loom
20:51 Bodkin Arrow
21:06 Horse Collar
29:25 Padded Archer Armor
33:51 Imperial Age
34:58 Bracer
38:06 Gold Mining
39:03 Leather Archer Armor
40:20 Parthian Tactics
41:42 Heavy Cavalry Archer
43:43 Forging
44:48 Thumb Ring
45:53 Ballistics
46:15 Wheelbarrow
47:52 Hand Cart
57:10 Squires
Arcturius
7:50 Loom
9:45 Feudal Age
11:03 Double-Bit Axe
23:01 Castle Age
23:54 Gold Mining
23:57 Stone Mining
26:24 Scale Mail Armor
26:35 Forging
26:43 Pikeman
27:09 Gambesons
31:07 Chain Mail Armor
37:41 Squires
37:27 Arson
40:38 #83
42:16 Wheelbarrow
47:48 Imperial Age
45:47 Town Watch
49:15 Elite Throwing Axeman
56:08 Hand Cart
thecakemaker
11:39 Feudal Age
9:55 Loom
15:21 Double-Bit Axe
21:32 Castle Age
20:18 Horse Collar
22:37 Wheelbarrow
25:03 Husbandry
28:51 Scale Barding Armor
28:46 Scale Mail Armor
28:58 Forging
35:55 Heavy Plow
36:09 Bow Saw
36:53 Chain Barding Armor
36:49 Chain Mail Armor
37:09 Iron Casting
38:40 Marauders
42:05 Padded Archer Armor
43:55 Hand Cart
46:35 Imperial Age
45:28 Fletching
48:43 Atheism
49:21 Cavalier
54:41 Light Cavalry
55:32 Bloodlines
Hiyu222
11:09 Feudal Age
11:03 Loom
11:49 Double-Bit Axe
14:20 Horse Collar
19:10 Castle Age
18:20 Forging
18:11 Scale Mail Armor
19:40 Stone Mining
20:56 Wheelbarrow
24:07 Scale Barding Armor
28:14 Heavy Plow
28:37 Chain Barding Armor
31:20 Gold Mining
33:22 Hand Cart
34:12 Squires
33:58 Gambesons
33:59 Arson
34:13 Town Watch
38:22 Imperial Age
41:51 Fletching
42:40 Onager
46:53 Siege Onager
51:41 Ironclad
54:24 Elite Teutonic Knight
55:40 Chain Mail Armor
58:21 Siege Engineers
59:17 Iron Casting
wayne_king
5:02 Loom
9:17 Feudal Age
10:43 Double-Bit Axe
11:15 Horse Collar
18:09 Wheelbarrow
19:23 Forging
20:49 Gold Mining
20:50 Stone Mining
23:39 Castle Age
22:52 Scale Barding Armor
23:02 Bloodlines
24:41 Bow Saw
24:34 Heavy Plow
25:23 Chain Barding Armor
25:39 Iron Casting
25:58 Hand Cart
31:12 Gold Shaft Mining
31:16 Stone Shaft Mining
30:47 Husbandry
39:30 Imperial Age
39:23 Tuntian
40:36 Fervor
41:01 Ming Guang Armor
41:58 Conscription
44:22 Blast Furnace
43:24 Scale Mail Armor
44:01 Elite Tiger Cavalry
52:05 Capped Ram
56:54 Caravan
Connection lost

Rejoining the realm…

Still unreachable

The connection could not be restored.

Session expired

The server has moved on; the page needs a fresh start.